 Dungeon Crawl Stone Soup version 0.24-a0-251-g44e327e (webtiles) character file.

Game seed: 4308111312607035219

263 Hasart the Cutter (level 6, -2/37 HPs)
             Began as a Kobold Gladiator on Apr 16, 2019.
             Killed from afar by Blork the orc (9 damage)
             ... with a puff of frost
             ... on level 5 of the Dungeon.
             The game lasted 00:07:56 (2926 turns).

Hasart the Cutter (Kobold Gladiator)                Turns: 2926, Time: 00:07:57

Health: -2/37      AC:  4    Str: 12 (14) XL:     6   Next: 43%
Magic:  6/6        EV: 22    Int:  7 (9)  God:
Gold:   229        SH:  0    Dex: 19 (21) Spells: 5/5 levels left

rFire    . . .     SeeInvis .   a - +0 rapier
rCold    . . .     Gourm    .   (shield restricted)
rNeg     . . .     Faith    .   b - +0 leather armour
rPois    .         Spirit   .   c - +0 helmet
rElec    .         Reflect  .   (no cloak)
rCorr    .         Harm     .   (no gloves)
MR       .....                  (no boots)
Stlth    +++.......             (no amulet)
HPRegen  0.12/turn              (no ring)
MPRegen  0.10/turn              (no ring)

@: agile
A: small, carnivore
a: no special abilities


You were on level 5 of the Dungeon.
You were very full.

You visited 1 branch of the dungeon, and saw 4 of its levels.

You collected 229 gold pieces.

Inventory:

Hand Weapons
 a - a +0 rapier (weapon)
Missiles
 d - 3 throwing nets (quivered)
Armour
 b - a +0 leather armour (worn)
 c - a +0 helmet (worn)
Jewellery
 g - an uncursed ring of ice
Scrolls
 e - a scroll of teleportation {unknown}
 h - 3 scrolls of remove curse {unknown}
 i - a scroll of random uselessness {unknown}
 j - 2 scrolls of identify {unknown}
 m - a scroll of fog {unknown}
 n - a scroll of blinking {unknown}
Potions
 o - a potion of brilliance {unknown}
 p - a potion of agility
Comestibles
 f - 5 rations


   Skills:
 + Level 3.4 Fighting
 * Level 6.1 Short Blades
 - Level 2.1 Throwing
 + Level 1.6 Armour
 + Level 4.6 Dodging
 + Level 3.0 Stealth


You had 5 spell levels left.
You didn't know any spells.
Your spell library was empty.

Dungeon Overview and Level Annotations

Branches:
Dungeon (3/15)

Altars:

Shops:
D:5 *

Annotations:
D:5 Blork the orc


Innate Abilities, Weirdness & Mutations

You are small and have problems with some larger weapons.
You are carnivorous and can eat meat at any time.


Message History

The orc misses you.
You hit the orc.
You kill the orc!
The hound skeleton bites you but does no damage.
You puncture the hound skeleton!
You destroy the hound skeleton!
You barely miss something.
You hear some strange, mumbled words.
A puff of flame appears from out of thin air!
The puff of flame hits you!
You miss something. Something hits you. Something barely misses you.
You hit something. Something hits you.
* * * LOW HITPOINT WARNING * * *
You hear the slow rusting of a very distant drain.
Things that are here:
a +0 dagger; a +0 robe; an orc corpse You hear some strange, mumbled words.
A puff of frost appears from out of thin air!
The puff of frost hits you!
You die...

#.........####
#.........#
####.#.####
##.....##
##..#....#
#..#...♣..#
####.##..♣...#
#)...##........
##r###@..##...#.
#..)...........
#........%####
#.........#
#.......∩.#
#.........#
#.....(...#
#.........#
###########


There were no monsters in sight!

Vanquished Creatures
  An orc priest (D:2)
  3 orc wizards
  A hound skeleton (D:5)
  Robin (D:2)
  A gnoll (D:1)
  3 adders
  2 dart slugs
  A leopard gecko (D:2)
  8 orcs
  3 ball pythons
  2 giant cockroaches
  17 goblins
  13 hobgoblins
  3 kobolds
  A quokka (D:3)
  7 bats
  A frilled lizard (D:1)
  4 rats
72 creatures vanquished.

Vanquished Creatures (others)
  An orc wizard (D:2)
1 creature vanquished.

Grand Total: 73 creatures vanquished

Notes
Turn   | Place    | Note
-------+----------+-------------------------------------------
     0 | D:1      | Hasart the Kobold Gladiator began the quest for the Orb.
     0 | D:1      | Reached XP level 1. HP: 12/12 MP: 1/1
   171 | D:1      | Reached XP level 2. HP: 17/17 MP: 2/2
   305 | D:1      | Reached skill level 1 in Stealth
   305 | D:1      | Reached XP level 3. HP: 16/22 MP: 3/3
   898 | D:2      | Reached XP level 4. HP: 8/27 MP: 4/4
  1201 | D:2      | Noticed Robin
  1223 | D:2      | Reached skill level 5 in Short Blades
  1585 | D:2      | Reached skill level 1 in Armour
  1585 | D:2      | Reached XP level 5. HP: 27/32 MP: 5/5
  1979 | D:2      | Killed Robin
  2618 | D:3      | Reached XP level 6. HP: 15/37 MP: 6/6
  2870 | D:3      | You fall through a shaft for 2 floors!
  2870 | D:5      | Entered Level 5 of the Dungeon
  2870 | D:5      | Noticed Blork the orc
  2879 | D:5      | Found Heh Liga's Assorted Antiques.
  2904 | D:5      | Reached skill level 6 in Short Blades
  2926 | D:5      | Killed from afar by Blork the orc

Levels and vault maps discovered:
D:1:      dpeg_arrival_ternary, layout_basic
D:2:      cheibrodos_pilgrimage, layout_rooms, kennysheep_generic_room_13,
          uniq_robin
D:3:      layout_rooms, overflow_temple_1_default, first_ration,
          ebering_ghost_sewer_d
D:5:      layout_rooms, minmay_temple_entry_proselytizer, portal_sewer_entry_b,
          ebering_ghost_disaster_area, serial_shops, shop, chequers_mini_garden,
          minmay_guarded_unrand_staff_of_olgreb, uniq_blork_the_orc,
          uniq_grinder

Skill      XL: |  1  2  3  4  5  6 |
---------------+-------------------+-----
Stealth        | 1 2 3 |  3.0
Dodging        | 4 |  4.6
Short Blades   | 5 6 |  6.1
Armour         | 1 |  1.6
Fighting       | 3 |  3.4
Throwing       | |  2.1

Action                   |  1- 3 |  4- 6 || total
-------------------------+-------+-------++-------
Melee: Rapier            |    96 |   201 ||   297
  Use: Potion            |       |     3 ||     3
 Stab: Sleeping          |     1 |     1 ||     2
  Eat: Chunk             |     8 |     6 ||    14
Armor: Leather armour    |    19 |    41 ||    60
Dodge: Dodged            |    71 |   194 ||   265

Table legend:
 A = Non-vault XP
 B = Vault XP
 C = Vault XP percentage of total XP
 D = Non-vault monster count
 E = Vault monster count
 F = Vault count percentage of total count
                 A         B        C        D         E       F
            +---------+---------+-------+---------+---------+-------
      Total |     242 |     135 |  35.8 |      53 |      20 |  27.4
            +---------+---------+-------+---------+---------+-------
        D:1 |      54 |       2 |   3.6 |      22 |       1 |   4.3
        D:2 |      48 |     133 |  73.5 |      14 |      19 |  57.6
        D:3 |      40 |       0 |   0.0 |      13 |       0 |   0.0
        D:5 |     100 |       0 |   0.0 |       4 |       0 |   0.0
            +---------+---------+-------+---------+---------+-------
